AoeStats
← a20th_

Baltic

510591907Analyzed
4v4 RM · 23h ago on Oct 1, 2026· 42m 33s· 8 players
Game mode
Random Map
Map size
Large (8 player)
Population
200
Speed
Normal
Resources
Standard
Victory
Conquest
Starting age
Dark Age
Ending age
Imperial Age
RankedLock teamsTeams togetherTeam positionsShared explorationLock speedFull tech treeHidden civsTurbo modeCheats
Victory
Defeat
🇷🇺 Huns · Russia
842
+15
🇭🇺 Varangians · Hungary
836
+15
🇨🇱 Britons · Chile
832
+15
🇮🇩 Danes · Indonesia
776
+18
🇧🇪 Inca · Belgium
827
-16
🇨🇳 Magyars · China
826
-16
🇹🇷 Huns · Türkiye
812
-16
🇨🇳 Goths · China
786
-15
Letty
11:54 Feudal Age
18:27 Castle Age
17:06 Double-Bit Axe
17:03 Horse Collar
17:31 Stone Mining
19:03 Wheelbarrow
29:27 Hand Cart
30:32 Man-at-Arms
31:48 Long Swordsman
37:35 Imperial Age
34:54 Loom
34:55 Town Watch
35:56 Gold Mining
36:52 Bow Saw
36:56 Squires
37:03 Anarchy
36:54 Pikeman
38:17 Forging
38:08 Scale Mail Armor
39:35 Chemistry
38:16 Elite Skirmisher
40:10 Two-Man Saw
39:14 Heavy Plow
38:40 Two-Handed Swordsman
40:49 Conscription
40:06 Halberdier
41:11 Champion
Lamme
9:29 Feudal Age
8:30 Loom
9:58 Double-Bit Axe
9:53 Horse Collar
10:25 Gold Mining
13:04 Town Watch
14:42 Wheelbarrow
17:04 Fishing Lines
18:18 Champi Runner
26:20 Castle Age
24:32 Forging
24:18 Arson
24:38 Stone Mining
25:31 Scale Mail Armor
27:28 Bow Saw
26:40 Champi Warrior
26:42 Elite Skirmisher
28:00 Gold Shaft Mining
27:30 Padded Archer Armor
28:50 Heavy Plow
31:56 Fletching
32:52 Squires
33:01 Pikeman
35:14 Stone Shaft Mining
35:01 Hand Cart
36:27 Murder Holes
37:13 Town Patrol
37:35 Ballistics
38:50 Masonry
39:21 Gillnets
39:44 Medium Warships
40:07 Fortified Wall
40:12 Andean Sling
42:01 Iron Casting
41:49 Treadmill Crane
asuna
8:11 Loom
11:01 Feudal Age
11:17 Man-at-Arms
11:45 Arson
20:18 Double-Bit Axe
22:36 Castle Age
24:05 Bow Saw
28:31 Wheelbarrow
33:00 Imperial Age
31:10 Hand Cart
31:14 Masonry
31:29 Forging
31:24 Scale Barding Armor
31:32 Caravan
33:06 Iron Casting
32:51 Horse Collar
33:06 Gold Mining
33:06 Stone Mining
33:40 Chain Barding Armor
33:43 Ballistics
33:59 Marauders
34:37 Husbandry
34:47 Bloodlines
37:26 Plate Barding Armor
37:52 Blast Furnace
36:28 Elite Tarkan
39:54 Conscription
40:42 Long Swordsman
Henrik
0:27 Loom
12:31 Feudal Age
13:25 Horse Collar
13:32 Double-Bit Axe
17:34 Gold Mining
19:28 Stone Mining
21:55 Castle Age
22:26 Scale Mail Armor
22:31 Scale Barding Armor
22:20 Fletching
22:30 Padded Archer Armor
22:59 Bow Saw
24:50 Man-at-Arms
26:32 Long Swordsman
shamannking1993
1:59 Loom
15:11 Feudal Age
16:43 Wheelbarrow
16:14 Double-Bit Axe
16:40 Fishing Lines
19:54 Castle Age
19:08 Fletching
19:18 Padded Archer Armor
20:29 Gillnets
20:52 Medium Warships
20:04 Demolition Ship
21:10 Hand Cart
29:31 Marauders
30:42 Husbandry
30:53 Bloodlines
33:48 Forging
33:39 Scale Mail Armor
39:04 Iron Casting
39:57 Chain Mail Armor
39:47 Scale Barding Armor
40:53 Bow Saw
44:15 Imperial Age
41:42 Bodkin Arrow
a20th_
11:21 Feudal Age
11:22 Loom
14:06 Double-Bit Axe
18:31 Castle Age
16:57 Gold Mining
17:45 Horse Collar
19:39 Forging
19:21 Arson
20:31 Scale Mail Armor
20:49 Heavy Plow
20:59 Squires
20:46 Gambesons
23:08 Bow Saw
23:43 Chain Mail Armor
24:52 Iron Casting
28:33 Wheelbarrow
29:08 Stone Mining
32:49 Hand Cart
36:25 Imperial Age
33:48 Town Watch
36:35 Capped Ram
36:53 Elite Varangian Guard
38:12 Plate Mail Armor
37:33 Siege Ram
39:23 Blast Furnace
43:42 Stone Shaft Mining
DEMBOW
9:15 Feudal Age
10:47 Wheelbarrow
10:00 Double-Bit Axe
11:25 Loom
19:11 Castle Age
20:20 Hand Cart
21:32 Bow Saw
22:37 Horse Collar
23:22 Padded Archer Armor
23:57 Fletching
24:25 Stone Mining
24:32 Gold Mining
25:26 Crossbowman
29:36 Husbandry
30:39 Light Cavalry
34:10 Imperial Age
32:22 Bodkin Arrow
32:42 Leather Archer Armor
33:55 Ballistics
34:16 Arbalester
34:35 Cavalier
37:13 Bracer
37:44 Ring Archer Armor
37:20 Scale Barding Armor
37:26 Forging
38:26 Chemistry
38:34 Conscription
39:34 Gold Shaft Mining
38:50 Stone Mining
40:22 Yeomen
43:22 Iron Casting
43:07 Chain Barding Armor
42:54 Heavy Plow
43:58 Two-Man Saw
Lagi Gabut
0:29 Loom
13:37 Feudal Age
21:28 Horse Collar
27:45 Castle Age
26:43 Fishing Lines
29:09 Heavy Plow
28:56 Double-Bit Axe
29:04 Gold Mining
29:04 Stone Mining
31:57 Caravan
32:28 Coinage
32:42 Gold Shaft Mining
32:43 Stone Shaft Mining
32:22 Bow Saw
35:47 Elite Skirmisher
42:49 Padded Archer Armor
42:40 Fletching
Connection lost

Rejoining the realm…

Still unreachable

The connection could not be restored.

Session expired

The server has moved on; the page needs a fresh start.